 Dungeon Crawl Stone Soup version 0.21-a0-405-gf2af9a1 (webtiles) character file.

6798 Spazmo the Thaumaturge (level 10, -10/58 HPs)
             Began as a Deep Elf Conjurer on Nov 1, 2017.
             Was a Follower of Vehumet.
             Mangled by a troll (12 damage)
             ... on level 10 of the Dungeon.
             The game lasted 00:32:01 (9549 turns).

Spazmo the Thaumaturge (Deep Elf Conjurer)          Turns: 9549, Time: 00:32:02

Health: -10/58     AC:  6    Str:  7    XL:     10   Next: 76%
Magic:  23/28      EV: 17    Int: 24    God:    Vehumet [*.....]
Gold:   529        SH:  5    Dex: 15    Spells: 22/33 levels left

rFire    . . .     SeeInvis .   I - +1 dagger (speed)
rCold    + . .     Gourm    .   B - +0 buckler
rNeg     . . .     Faith    .   a - +0 robe
rPois    +         Spirit   .   (no helmet)
rElec    .         Reflect  .   J - +2 cloak
rCorr    +         Harm     .   g - +0 pair of gloves
MR       +....     Clarity  +   z - +0 pair of boots
Stlth    ++........             k - amulet of magic regeneration
HPRegen  0.19/turn              A - ring of protection from cold
MPRegen  0.46/turn              F - ring of resist corrosion

@: no status effects
A: clarity, deformed body, poison resistance, strong 1
a: Renounce Religion


You were on level 10 of the Dungeon.
You worshipped Vehumet.
Vehumet was aware of your devotion.
You were hungry.

You visited 2 branches of the dungeon, and saw 11 of its levels.
You also visited: Sewer.

You collected 529 gold pieces.

Inventory:

Hand Weapons
 I - a +1 dagger of speed (weapon)
Missiles
 j - 287 stones (quivered)
Armour
 a - a +0 robe (worn)
 g - a +0 pair of gloves (worn)
 z - a +0 pair of boots (worn)
 B - a +0 buckler (worn)
 J - a +2 cloak (worn)
Jewellery
 k - an amulet of magic regeneration (around neck)
 A - a ring of protection from cold (left hand)
 F - a ring of resist corrosion (right hand)
 K - an uncursed ring of protection from cold
 M - an uncursed ring of protection from cold
Wands
 E - a wand of enslavement (14/24)
 G - a wand of acid (7/15)
 H - a wand of polymorph (12/24)
 L - a wand of lightning (10/15)
Scrolls
 d - 9 scrolls of teleportation
 e - a scroll of fog
 i - 2 scrolls of identify
 n - 2 scrolls of recharging {unknown}
 x - 2 scrolls of remove curse
 y - a scroll of amnesia
 D - a scroll of magic mapping
Potions
 f - a potion of mutation
 o - a potion of cancellation
 p - a potion of resistance
 r - 3 potions of flight
 s - 2 potions of might
 t - 3 potions of invisibility
 u - a potion of degeneration {unknown}
 v - a potion of agility
 w - 2 potions of ambrosia
 C - 2 potions of brilliance {unknown}
Books
 b - a book of Conjurations

   Spells                             Type                      Level
   a - Magic Dart                     Conjuration                  1
   b - Searing Ray                    Conjuration                  2
   c - Dazzling Spray                 Conjuration/Hexes            3
   d - Fulminant Prism                Conjuration/Hexes            4
   e - Force Lance                    Conjuration/Translocation    4
   f - Iskenderun's Mystic Blast      Conjuration                  4
 m - a book of Misfortune

   Spells                             Type                      Level
   a - Confusing Touch                Hexes                        1
   b - Confuse                        Hexes                        3
   c - Gell's Gravitas                Translocation                3
   d - Petrify                        Transmutation/Earth          4
   e - Metabolic Englaciation         Hexes/Ice                    5
   f - Yara's Violent Unravelling     Hexes/Transmutation          5
 q - a book of Changes

   Spells                             Type                      Level
   a - Beastly Appendage              Transmutation                1
   b - Sticks to Snakes               Transmutation                2
   c - Spider Form                    Transmutation/Poison         3
   d - Ice Form                       Ice/Transmutation            4
   e - Blade Hands                    Transmutation                5
Comestibles
 c - 6 bread rations
 h - 15 royal jellies
 l - 10 meat rations
 N - a chunk of flesh


   Skills:
 * Level 4.5 Fighting
 * Level 7.4 Dodging
 - Level 3.0 Stealth
 - Level 4.0 Shields
 + Level 12.1 Spellcasting
 + Level 11.0 Conjurations
 - Level 3.0 Translocations


You had 22 spell levels left.
You knew the following spells:

 Your Spells              Type           Power        Failure   Level  Hunger
a - Magic Dart            Conj           ####         1%          1    None
b - Searing Ray           Conj           ######       1%          2    None
c - Force Lance           Conj/Tloc      #####...     2%          4    None
d - Iskenderun's Mystic   Conj           ######..     1%          4    None


Dungeon Overview and Level Annotations

Branches:
Dungeon (10/15)            Temple (1/1) D:6
   Lair: D:8-11         Orc: D:9-12

Altars:
Cheibriados
Elyvilon
Fedhas
Gozag
Hepliaklqana
Nemelex Xobeh
Qazlal
Sif Muna
Vehumet
Wu Jian
Yredelemnul


Innate Abilities, Weirdness & Mutations

You possess an exceptional clarity of mind.
Armour fits poorly on your strangely shaped body.
Your system is resistant to poisons. (rPois)
Your muscles are strong. (Str +2)


Message History

Aiming: Iskenderun's Mystic Blast
Press: ? - help, Shift-Dir - straight line, f/p - centaur
Aim: a centaur (almost dead)
The orb of energy hits the centaur.
You kill the centaur!
Vehumet accepts your kill.
Your Conjurations skill increases to level 11!
The orb of energy explodes!
The mystic blast hits the troll.
The troll is moderately wounded.
You block the troll's attack. The troll claws you.
* * * LOW HITPOINT WARNING * * *
The troll barely misses you.
You see here an arrow.
The hungry ghost completely misses you.
There is an escape hatch in the ceiling here.
The hungry ghost hits you.
You are feeling hungry.
The troll misses you. The troll claws you but does no damage.
The troll claws you!
You die...

. #.... .. #...
...####..#+# #
.........#.#.#
.........#.#.#
#######
$.....)......#
.......
.?..###.(..#...
....... . #.WT.#
.######
#..@.#############
#
#.........[......#
#
#...############.#
# ....... #.# #
#.###.##+ #.### #
... #.... ##.
##### #.


You could see a troll and a hungry ghost.

Vanquished Creatures
  A two-headed ogre (D:7)
  Pikel (D:7)
  The ghost of myxocpahck the Geomancer, a novice SpEE of Ashenzari (D:5)
  Joseph (D:8)
  Maurice (D:8)
  The ghost of bombasticus the Carver, a novice MiBe of Trog (D:7)
  Psyche (D:9)
  2 trolls
  A hippogriff (D:8)
  Sigmund (D:2)
  The ghost of Sanvito the Chopper, an amateur DsBe of Trog (D:3)
  Edmund (D:4)
  Duvessa (D:5)
  A sky beast (D:9)
  2 phantoms
  2 ice beasts
  A slave (D:7)
  4 centaurs
  An ogre (D:6)
  2 big kobolds (D:7)
  2 bullfrogs (D:8)
  Dowan (D:5)
  5 scorpions
  4 killer bees (D:7)
  3 howler monkeys
  2 crimson imps
  A centaur zombie (D:5)
  A bullfrog zombie (D:7)
  3 hounds
  A bullfrog skeleton (D:10)
  Crazy Yiuf (D:2)
  4 jellies
  3 orc priests
  5 orc wizards
  5 iguanas
  8 worker ants
  2 hound skeletons
  6 adders
  4 gnolls (D:6)
  2 shadow imps
  9 oozes
  3 adder skeletons
  4 worms
  2 dart slugs (D:1)
  9 leopard geckos
  16 orcs
  4 ball pythons
  5 giant cockroaches
  10 goblins
  10 hobgoblins
  9 jackals
  15 kobolds
  3 quokkas
  12 bats
  8 frilled lizards
  A leopard gecko skeleton (D:6)
  A quokka skeleton (D:4)
  9 rats
220 creatures vanquished.

Vanquished Creatures (others)
  3 slaves (D:7)
3 creatures vanquished.

Grand Total: 223 creatures vanquished

Notes
Turn   | Place    | Note
-------+----------+-------------------------------------------
     0 | D:1      | Spazmo the Deep Elf Conjurer began the quest for the Orb.
     0 | D:1      | Reached XP level 1. HP: 10/10 MP: 6/6
   214 | D:1      | Reached XP level 2. HP: 15/15 MP: 5/8
   219 | D:1      | Learned a level 2 spell: Searing Ray
   642 | D:1      | Reached XP level 3. HP: 19/19 MP: 8/10
  1296 | D:2      | Reached skill level 4 in Spellcasting
  1296 | D:2      | Reached skill level 5 in Conjurations
  1393 | D:2      | Found a runed door.
  1397 | D:2      | Noticed Crazy Yiuf
  1400 | D:2      | Killed Crazy Yiuf
  1400 | D:2      | Reached XP level 4. HP: 24/24 MP: 8/12
  1440 | D:2      | Noticed Sigmund
  1445 | D:2      | Killed Sigmund
  1445 | D:2      | Reached skill level 5 in Spellcasting
  1445 | D:2      | Reached XP level 5. HP: 25/28 MP: 6/15
  2016 | D:2      | Learned a level 4 spell: Force Lance
  2021 | D:2      | Learned a level 4 spell: Iskenderun's Mystic Blast
  2071 | D:3      | Noticed Sanvito's ghost (amateur DsBe)
  2454 | D:3      | Reached skill level 6 in Spellcasting
  2494 | D:3      | Reached XP level 6. HP: 32/32 MP: 12/17
  2602 | D:3      | Found a stormy altar of Qazlal.
  2672 | D:3      | Killed Sanvito's ghost
  3060 | D:4      | Reached skill level 7 in Spellcasting
  3068 | D:4      | Reached XP level 7. HP: 23/36 MP: 7/19
  3142 | D:4      | Found a glowing drain.
  3146 | Sewer    | Entered a sewer
  4012 | D:4      | Noticed Edmund
  4029 | D:4      | Killed Edmund
  4029 | D:4      | Reached skill level 8 in Spellcasting
  4573 | D:4      | Gained mutation: Your muscles are strong. (Str +2) [potion of mutation]
  4573 | D:4      | Gained mutation: Armour fits poorly on your strangely shaped body. [potion of mutation]
  4573 | D:4      | Gained mutation: Your system is resistant to poisons. (rPois) [potion of mutation]
  4573 | D:4      | Gained mutation: You possess an exceptional clarity of mind. [potion of mutation]
  4634 | D:5      | Entered Level 5 of the Dungeon
  4671 | D:5      | Noticed myxocpahck's ghost (novice SpEE)
  4675 | D:5      | Reached XP level 8. HP: 41/41 MP: 15/22
  4683 | D:5      | Killed myxocpahck's ghost
  4683 | D:5      | Reached skill level 9 in Spellcasting
  4762 | D:5      | Reached skill level 10 in Spellcasting
  5075 | D:5      | Noticed Duvessa
  5075 | D:5      | Noticed Dowan
  5138 | D:5      | Killed Dowan
  5142 | D:5      | HP: 2/41 [Duvessa/short sword (12)]
  5144 | D:5      | Killed Duvessa
  5732 | D:6      | Reached skill level 11 in Spellcasting
  5732 | D:6      | Reached skill level 10 in Conjurations
  5732 | D:6      | Reached XP level 9. HP: 45/45 MP: 21/26
  6075 | D:6      | Found a staircase to the Ecumenical Temple.
  6087 | Temple   | Entered the Ecumenical Temple
  6099 | Temple   | Became a worshipper of Vehumet
  6285 | D:7      | Reached skill level 1 in Translocations
  6470 | D:7      | Noticed a two-headed ogre
  6472 | D:7      | Noticed Pikel
  6484 | D:7      | Killed Pikel
  6484 | D:7      | Reached skill level 1 in Fighting
  6484 | D:7      | Reached skill level 1 in Shields
  6490 | D:7      | HP: 1/47 [bullfrog zombie (2)]
  6710 | D:7      | Found a hazy altar of Hepliaklqana.
  6751 | D:7      | Killed a two-headed ogre
  6751 | D:7      | Reached skill level 5 in Dodging
  6781 | D:7      | Noticed bombasticus's ghost (novice MiBe)
  6995 | D:7      | Reached * piety under Vehumet
  6995 | D:7      | Offered knowledge of Sting by Vehumet.
  7385 | D:7      | Killed bombasticus's ghost
  7385 | D:7      | Reached XP level 10. HP: 32/56 MP: 15/27
  7711 | D:8      | Noticed Maurice
  7722 | D:8      | Killed Maurice
  8203 | D:8      | Noticed Joseph
  8217 | D:8      | HP: 1/56 [Joseph/sling bullet (13)]
  8219 | D:8      | Killed Joseph
  8842 | D:9      | Noticed Psyche
  8843 | D:9      | Found an opulent altar of Gozag.
  8860 | D:9      | Killed Psyche
  9067 | D:9      | Found a snail-covered altar of Cheibriados.
  9238 | D:9      | Reached skill level 12 in Spellcasting
  9436 | D:10     | Entered Level 10 of the Dungeon
  9544 | D:10     | HP: 2/58 [centaur (6)]
  9549 | D:10     | Mangled by a troll

Vault maps used:
D:1:      enne_arrival_octagon_isle
D:2:      first_bread, uniq_sigmund, uniq_crazy_yiuf_cottage
D:3:      nicolae_qazlal_general_emergency
D:4:      gup_sewer_entry_bowl, uniq_edmund
D:5:      uniq_duvessa
D:6:      minmay_temple_entry_hall
D:7:      basic_altar, uniq_pikel
D:8:      hangedman_little_slice_of_home, uniq_joseph, uniq_maurice
D:9:      lemuel_doored_altar, basic_altar, uniq_psyche
D:10:     david_lair_shrubbed, basic_altar, kennysheep_another_room
Temple:   nicolae_temple_the_god_donut
Sewer:    sewer_fruit_machine

Skill      XL: |  1  2  3  4  5  6  7  8  9 10 |
---------------+-------------------------------+-----
Stealth        | 3 |  3.0
Dodging        | 3 5 7 |  7.4
Spellcasting   | 4 5 6 7 8 11 12 | 12.1
Conjurations   | 5 6 7 8 10 11 | 11.0
Translocations | 3 |  3.0
Fighting       | 3 4 |  4.5
Shields        | 2 4 |  4.0

Action                   |  1- 3 |  4- 6 |  7- 9 | 10-12 || total
-------------------------+-------+-------+-------+-------++-------
Melee: Short sword       |     4 |       |       |       ||     4
       Quarterstaff      |       |       |     4 |       ||     4
 Cast: Magic Dart        |    75 |    58 |   222 |   109 ||   464
       Searing Ray       |     1 |     7 |    37 |    23 ||    68
       Force Lance       |       |       |     5 |     3 ||     8
       Iskenderun's Myst |       |       |       |     5 ||     5
  Use: Scroll            |     2 |     2 |     9 |       ||    13
       Potion            |       |     2 |     5 |     1 ||     8
  Eat: Chunk             |     1 |     5 |    12 |     4 ||    22
       Royal jelly       |       |       |     1 |     1 ||     2
Armor: Robe              |     2 |     2 |    28 |    15 ||    47
Dodge: Dodged            |     6 |    14 |    88 |    69 ||   177
Block: Buckler           |       |       |     8 |    20 ||    28

Table legend:
 A = Spawn XP
 B = Non-spawn XP
 C = Spawn XP percentage of total XP
 D = Spawn monster count
 E = Non-spawn monster count
 F = Spawn count percentage of total count
 G = Total turns spent on level
                    A         B        C        D         E        F      G
               +---------+---------+-------+---------+---------+-------+---------
         Total |       0 |    9712 |   0.0 |       0 |     219 |   0.0 |  9549
               +---------+---------+-------+---------+---------+-------+---------
           D:1 |       0 |      52 |   0.0 |       0 |      29 |   0.0 |  1155
           D:2 |       0 |     306 |   0.0 |       0 |      19 |   0.0 |  1192
           D:3 |       0 |     274 |   0.0 |       0 |      21 |   0.0 |   607
           D:4 |       0 |     659 |   0.0 |       0 |      26 |   0.0 |  1162
           D:5 |       0 |    1300 |   0.0 |       0 |      14 |   0.0 |   919
           D:6 |       0 |     314 |   0.0 |       0 |      15 |   0.0 |   636
           D:7 |       0 |    3067 |   0.0 |       0 |      28 |   0.0 |  1428
           D:8 |       0 |    1970 |   0.0 |       0 |      28 |   0.0 |  1078
           D:9 |       0 |    1237 |   0.0 |       0 |      13 |   0.0 |   716
          D:10 |       0 |     460 |   0.0 |       0 |       3 |   0.0 |   113
         Sewer |       0 |      73 |   0.0 |       0 |      23 |   0.0 |   518
               +---------+---------+-------+---------+---------+-------+---------
